AoeStats
← ChaKA

Arabia

504596283Analyzed
3v3 RM · 27d ago on Sep 5, 2026· 41m 35s· 6 players
Game mode
Random Map
Map size
Normal (6 player)
Population
200
Speed
Normal
Resources
Standard
Victory
Conquest
Starting age
Dark Age
Ending age
Imperial Age
RankedLock teamsTeams togetherTeam positionsShared explorationLock speedFull tech treeHidden civsTurbo modeCheats
Victory
Defeat
🇦🇷 Mongols · Argentina
979
+15
🇦🇷 Celts · Argentina
874
+20
🇦🇷 Lithuanians · Argentina
861
+21
🇦🇷 Khmer · Argentina
995
-20
🇦🇷 Britons · Argentina
970
-19
🇦🇷 Goths · Argentina
912
-17
BRAM
3:18 Loom
11:40 Feudal Age
12:23 Horse Collar
12:30 Double-Bit Axe
22:28 Castle Age
20:32 Stone Mining
20:41 Gold Mining
24:59 Husbandry
25:11 Bloodlines
30:11 Town Watch
runsoft
7:46 Loom
11:29 Feudal Age
11:36 Feudal Age
13:40 Horse Collar
21:48 Scale Mail Armor
22:01 Forging
29:11 Castle Age
31:14 Iron Casting
30:52 Fletching
31:34 Chain Mail Armor
34:29 Town Watch
ChaKA
7:48 Loom
10:25 Feudal Age
17:25 Castle Age
20:02 Wheelbarrow
21:41 Double-Bit Axe
24:01 Town Watch
27:53 Fletching
32:44 Crossbowman
35:50 Scale Barding Armor
36:53 Chain Barding Armor
37:09 Husbandry
38:21 Fortified Wall
38:30 Bodkin Arrow
39:30 Ballistics
Nash
6:48 Loom
8:48 Feudal Age
9:40 Double-Bit Axe
11:49 Horse Collar
19:19 Fletching
22:13 Castle Age
22:23 Gold Mining
22:53 Bodkin Arrow
22:21 Crossbowman
23:29 Bow Saw
28:02 Town Watch
28:53 Wheelbarrow
28:35 Padded Archer Armor
31:32 Ballistics
32:08 Heavy Plow
34:12 Thumb Ring
36:51 Imperial Age
34:21 Stone Mining
37:26 Arbalester
38:08 Bracer
38:24 Leather Archer Armor
santialexander
5:54 Loom
9:21 Feudal Age
14:17 Double-Bit Axe
20:28 Castle Age
19:20 Bloodlines
20:33 Scale Barding Armor
20:40 Forging
21:56 Chain Barding Armor
22:40 Husbandry
23:31 Iron Casting
24:50 Horse Collar
25:07 Gold Mining
28:26 Wheelbarrow
35:23 Imperial Age
35:03 Bow Saw
35:14 Stone Mining
35:27 Cavalier
36:45 Plate Barding Armor
37:06 Hand Cart
41:15 Conscription
40:20 Spies/Treason
Garzaimovich
5:48 Loom
10:16 Feudal Age
10:55 Double-Bit Axe
14:26 Man-at-Arms
16:04 Arson
23:05 Castle Age
24:42 Forging
24:32 Scale Mail Armor
24:25 Long Swordsman
24:25 Pikeman
27:51 Horse Collar
29:01 Pikeman
29:51 Gambesons
30:34 Chain Mail Armor
30:55 Iron Casting
36:01 Wheelbarrow
41:29 Imperial Age
Connection lost

Rejoining the realm…

Still unreachable

The connection could not be restored.

Session expired

The server has moved on; the page needs a fresh start.